 Dungeon Crawl Stone Soup version 0.31.0-32-g396128a36d (webtiles) character file.

Game seed: 13798154660877817014

43626 fasolt the Black Sun (level 13, -1/55 HPs)
             Began as a Felid Summoner on Mar 31, 2024.
             Was a High Priest of Kikubaaqudgha.
             Shot with an arrow by Nessos (16 damage)
             ... on level 4 of the Lair of Beasts on Apr 2, 2024.
             The game lasted 01:27:29 (16010 turns).

fasolt the Black Sun (Felid Summoner)              Turns: 16010, Time: 01:27:30

Health: -1/55      AC:  3    Str:  4    XL:     13   Next: 91%
Magic:  14/32      EV: 22    Int: 22    God:    Kikubaaqudgha [*****.]
Gold:   866        SH:  0    Dex: 19    Spells: 16/40 levels left
                                        Lives:  0   Deaths: 3

rFire   + .          .
                       - Unarmed
rCold   + . .        (shield unavailable)
rNeg    . . .        (body armour unavailable)
rPois   .            (helmet unavailable)
rElec   .            (cloak unavailable)
rCorr   .            (gloves unavailable)
SInv    +            (boots unavailable)
Will    +....        b - amulet of the acrobat
Stlth   ++           k - +5 ring of evasion
HPRegen 0.29/turn    o - ring of protection from fire
MPRegen 0.23/turn

%: acrobat
@: death channelling (expiring), animating dead, unable to call your familiar
A: very small, claws 1, fangs 3, see invisible, shaggy fur 3, stealthy paws, no
weapons or thrown items, no armour, multi-lived
a: Renounce Religion, Unearth Wretches, Torment


You were on level 4 of the Lair of Beasts.
You worshipped Kikubaaqudgha.
Kikubaaqudgha was extremely pleased with you.
You visited 3 branches of the dungeon, and saw 14 of its levels.
You also visited: Sewer.

You collected 970 gold pieces.
You spent 104 gold pieces at shops.

Inventory:

Jewellery
 b - an amulet of the acrobat (around neck)
 k - a +5 ring of evasion (left paw)
 o - a ring of protection from fire (right paw)
 x - a ring of resist corrosion
 y - the ring "Duorak" {Fire rElec Will+++ Str-4 Int-2}
   (You found it on level 3 of the Lair of Beasts)

   [ring of fire]

   Fire:      It enhances your fire magic.
   Str-4:     It affects your strength (-4).
   Int-2:     It affects your intelligence (-2).
   rF+:       It protects you from fire.
   rC-:       It makes you vulnerable to cold.
   rElec:     It insulates you from electricity.
   Will+++:   It greatly increases your willpower.
 I - a +6 ring of strength
 L - the amulet "Zyifes" {Faith ^Fragile rC+ rN+ rCorr}
   (You found it on level 3 of the Lair of Beasts)

   [amulet of faith]

   Faith:     It allows you to gain divine favour quickly.
   rC+:       It protects you from cold.
   rN+:       It protects you from negative energy.
   rCorr:     It protects you from acid and corrosion.
   ^Fragile:  It will be destroyed if unequipped.
Wands
 a - a wand of light (5)
 i - a wand of roots (17)
 w - a wand of flame (58)
 B - a wand of digging (14)
 C - a wand of mindburst (3)
 H - a wand of paralysis (11)
Scrolls
 c - 3 scrolls of fog
 e - 2 scrolls of silence
 g - 4 scrolls of enchant weapon
 h - 2 scrolls of teleportation
 j - 5 scrolls of revelation
 p - 4 scrolls of poison
 s - a scroll of blinking
 v - a scroll of vulnerability
 D - 2 scrolls of immolation {unknown}
 F - a scroll of noise {unknown}
 G - a scroll of torment {unknown}
 J - a scroll of amnesia {unknown}
Potions
 d - 2 potions of lignification
 f - a potion of curing
 l - 4 potions of haste
 m - 2 potions of resistance {unknown}
 n - a potion of cancellation {unknown}
 q - 3 potions of degeneration {unknown}
 r - a potion of enlightenment {unknown}
 t - 2 potions of heal wounds {unknown}
 u - 2 potions of invisibility {unknown}
 z - a potion of berserk rage {unknown}
 A - a potion of attraction {unknown}
 K - 2 potions of magic


   Skills:
 - Level 2.6 Dodging
 - Level 2.6 Stealth
 - Level 1.0 Unarmed Combat
 - Level 14.0 Spellcasting
 - Level 11.0 Summonings
 + Level 14.5 Necromancy
 - Level 5.0 Fire Magic
 - Level 5.0 Air Magic


You had 16 spell levels left.
You knew the following spells:

 Your Spells              Type           Power      Damage    Failure   Level
a - Summon Small Mammal   Summ           100%       N/A       1%          1
b - Call Imp              Summ           100%       N/A       1%          2
c - Call Canine Familiar  Summ           59%        N/A       1%          3
d - Summon Blazeheart Go  Fire/Summ      50%        N/A       1%          4
e - Summon Lightning Spi  Summ/Air       50%        N/A       1%          4
f - Animate Dead          Necr           68%        N/A       1%          4
g - Death Channel         Necr           34%        N/A       1%          6

Your spell library contained the following spells:

 Spells                   Type           Power      Damage    Failure   Level
 Necrotise                Necr           100%       1d9       0%          1
 Sublimation of Blood     Necr           68%        N/A       0%          2
 Cigotuvi's Dreadful Rot  Necr/Alch/Air  88%        N/A       1%          2
 Dispel Undead            Necr           68%        3d23      1%          4
 Martyr's Knell           Necr/Summ      64%        N/A       1%          4
 Curse of Agony           Necr           68%        N/A       1%          5
 Ozocubu's Armour         Ice            15%        N/A       12%         3
 Summon Forest            Summ/Tloc      19%        N/A       12%         5
 Leda's Liquefaction      Alch/Erth      7%         N/A       36%         4
 Summon Hydra             Summ           29%        N/A       36%         7
 Lee's Rapid Deconstruct  Erth           7%         3d7*      73%         5
 Metabolic Englaciation   Hex/Ice        7%         N/A       73%         5
 Bombard                  Conj/Erth      7%         9d2       99%         6
 Eringya's Noxious Bog    Alch           7%         4d6       99%         6
 Sculpt Simulacrum        Ice/Alch       7%         N/A       99%         6


Dungeon Overview and Level Annotations

Branches:
Dungeon (9/15)             Temple (1/1) D:4            Lair (4/5) D:9
  Swamp (0/4) Lair:3       Spider (0/4) Lair:2        Sewer (visited)
  Slime: Lair:4-5       Orc: D:9-12

Altars:
Ashenzari
Cheibriados
Dithmenos
Gozag
Hepliaklqana
Kikubaaqudgha
Makhleb
Nemelex Xobeh
Okawaru
Trog
Uskayaw
Wu Jian
Xom
Yredelemnul
The Shining One

Shops:
D:1 !   D:4 ?   D:8 ([[

Annotations:
Lair:2 3 runed translucent doors, Gatak's ghost, journeyman GrEE
Lair:4 Nessos


Innate Abilities, Weirdness & Mutations

You have sharp claws.
You have razor-sharp teeth.
You have supernaturally acute eyesight. (SInv)
Your thick and shaggy fur keeps you warm. (AC +3, rC+)
Your paws help you pounce on unaware monsters.
You are incapable of wielding weapons or throwing items.
You cannot wear armour.
You gain extra lives every three experience levels.


Message History

Nessos is engulfed in blazing flames.
Nessos shoots an arrow.
The arrow misses you.
Nessos is engulfed in blazing flames.
Nessos mumbles some strange words.
Nessos blinks!
A polar bear comes into view.
The fungus is engulfed in blazing flames.
Nessos shoots an arrow.
The arrow completely misses you.
A nearby fungus withers and dies.
Nessos shoots an arrow.
The arrow barely misses your blazeheart golem.
The arrow barely misses you.
Nessos intently looks at you, slowly moving their tail.
Nessos shoots an arrow.
The arrow hits your blazeheart golem!! The arrow burns your blazeheart golem.
Your unholy channel is weakening.
Nessos shoots an arrow.
The arrow hits your blazeheart golem! The arrow burns your blazeheart golem.
Nessos shoots an arrow.
The arrow hits your blazeheart golem! The arrow burns your blazeheart golem.
Nessos shoots an arrow.
The arrow hits your blazeheart golem.
Nessos shoots an arrow.
The arrow hits you!! The arrow burns you.
You are lethally poisoned!
Nessos shoots an arrow.
The arrow barely misses you.
* * * LOW HITPOINT WARNING * * *
You feel very sick.
Nessos casts a spell.
Nessos blinks!
Nessos pounds the earth with their hooves.
Nessos shoots an arrow.
The arrow hits your blazeheart golem!
Your blazeheart golem falls apart, revealing its core!
* * * LOW HITPOINT WARNING * * *
You feel very sick.
Nessos shoots an arrow.
The arrow completely misses your blazeheart core.
The arrow completely misses you.
Your blazeheart core explodes!
Nessos mumbles some strange words.
Nessos blinks!
You hear a trumpeting!
You feel better.
Nessos shoots an arrow.
The arrow hits you!
You die...
Kikubaaqudgha rasps: "You have failed me!
Welcome... death!"

......####...#..$P#
...#.........<....#
....P....##P......#
#P...c...###..##.##
.. #...............#
..##.#..○○P###...P.#
.....#P.°☼#####.####
#...#...○°☼.##P..#
#...h#..@.###.##
#.#.......<##..#
#...........)##
#............#
#PP.?........#
###...#PP...##
#.#.####.### #.#..
### ##...


You could see Nessos (fast).

Vanquished Creatures
  An anaconda (Lair:2)
  A hydra (Lair:3)
  12 death yaks
  An anaconda zombie (Lair:2)
  A torpor snail (Lair:1)
  3 cane toads
  An orange demon (Lair:2)
  3 death yak zombies (Lair:3)
  A rime drake (Lair:3)
  A komodo dragon (Lair:2)
  A freezing wraith (Lair:3)
  An ice devil (Lair:3)
  Prince Ribbit (D:7)
  A blink frog (Lair:3)
  2 wyverns
  10 yaks
  A harpy simulacrum (Lair:3)
  A water moccasin (Lair:1)
  2 ogres (D:5)
  A blink frog zombie (Lair:2)
  10 wolves
  A phantom (D:6)
  2 kobold brigands
  A bullfrog (Lair:3)
  A wyvern zombie (Lair:3)
  A water moccasin zombie (Lair:2)
  A wight (D:6)
  2 wolf zombies
  A bullfrog zombie (Lair:1)
  A jelly (D:7)
  5 orc wizards
  An iguana zombie (D:7)
  A dart slug (D:2)
  2 orcs
  6 ball pythons
  An endoplasm (D:2)
  A giant cockroach (Sewer)
  2 goblins
  4 bats
  2 frilled lizards
  A kobold (D:1)
  An orc zombie (D:7)
  A rat (D:2)
95 creatures vanquished.

Vanquished Creatures (collateral kills)
  An ice dragon (Lair:3)
  14 death yaks
  Urug (Lair:3)
  Amaemon (Lair:2)
  A bog body (Lair:3)
  Pikel (D:4)
  Maurice (D:7)
  A black mamba (Lair:1)
  2 torpor snails (Lair:1)
  2 cane toads
  Jeremiah (D:7)
  2 komodo dragons
  2 rime drakes
  A hornet (D:8)
  2 polar bears (Lair:3)
  Grinder (D:4)
  15 blink frogs
  7 dream sheep (Lair:3)
  Sigmund (D:4)
  A shadow (D:7)
  A wraith (D:9)
  A wyvern (Lair:3)
  22 yaks
  Grum (D:8)
  3 hogs (Lair:3)
  3 basilisks
  2 steam dragons
  Menkaure (D:7)
  Edmund (D:5)
  Duvessa (D:5)
  6 water moccasins
  2 nameless horrors
  3 black bears
  3 centaurs
  18 wolves
  A lemure (D:4)
  2 phantoms
  2 kobold brigands
  7 bullfrogs
  4 wights (D:6)
  Dowan (D:5)
  A yak zombie (D:9)
  2 howler monkeys (D:8)
  4 bombardier beetles
  2 hounds
  4 jellies
  2 orc priests
  2 sleepcaps
  3 iguanas
  Ijyb (D:5)
  3 orc wizards
  7 hell rats (Lair:3)
  Natasha (thrice) (D:4)
  A troll simulacrum (Lair:3)
  A polar bear simulacrum (Lair:3)
  7 adders
  3 gnolls (D:4)
  3 river rats
  A naga simulacrum (Lair:3)
  A shadow imp (D:8)
  4 white imps
  A dart slug (D:4)
  6 ribbon worms
  13 orcs
  14 endoplasms
  5 giant cockroaches (Sewer)
  5 goblins
  11 hobgoblins
  4 jackals (D:4)
  5 quokkas
  5 ball pythons
  3 bats (D:2)
  4 frilled lizards
  23 kobolds
  A kobold zombie (D:7)
  8 rats
306 creatures vanquished.

Vanquished Creatures (others)
  Kirke (Lair:3)
  7 death yak zombies
  2 cane toad zombies
  7 blink frog zombies
  4 water moccasin zombies
  13 yak zombies
  A polar bear zombie (Lair:3)
  15 wolf zombies
  A bullfrog zombie (Lair:1)
  A centaur zombie (D:9)
  A basilisk zombie (Lair:2)
  7 hell rat zombies (Lair:3)
  An iguana zombie (D:6)
  A jelly zombie (D:7)
  5 kobold zombies
  4 orc zombies
  46 blazeheart cores
117 creatures vanquished.

Grand Total: 518 creatures vanquished

Notes
Turn   | Place    | Note
-------+----------+-------------------------------------------
     0 | D:1      | fasolt the Felid Summoner began the quest for the Orb.
     0 | D:1      | Reached XP level 1. HP: 9/9 MP: 4/4
   279 | D:1      | Reached XP level 2. HP: 13/13 MP: 6/6
   282 | D:1      | Learned a level 2 spell: Call Imp
   311 | D:1      | Found Laly's Distillery.
   630 | D:1      | Found a faded altar of an unknown god.
  1056 | D:2      | Reached XP level 3. HP: 13/16 MP: 2/7
  1060 | D:2      | Learned a level 3 spell: Call Canine Familiar
  1157 | D:2      | Reached skill level 5 in Summonings
  1588 | D:2      | Reached XP level 4. HP: 21/21 MP: 9/9
  1588 | D:2      | Gained a life (2 lives remaining)
  2465 | D:3      | Found a glowing drain.
  2475 | Sewer    | Entered a sewer
  2494 | Sewer    | Reached skill level 1 in Unarmed Combat
  2554 | Sewer    | Reached XP level 5. HP: 24/24 MP: 8/10
  2559 | Sewer    | Learned a level 4 spell: Summon Blazeheart Golem
  2837 | Sewer    | Found a viscous altar of Jiyva.
  2863 | Sewer    | Reached skill level 1 in Fire Magic
  3642 | D:4      | Noticed Sigmund
  3644 | D:4      | Noticed a nameless horror
  3711 | D:4      | Found a staircase to the Ecumenical Temple.
  3730 | D:3      | Gained mutation: You are covered in thick fur. (AC +2)
                  | [Felid growth]
  3730 | D:3      | Reached XP level 6. HP: 13/28 MP: 3/12
  4012 | Temple   | Entered the Ecumenical Temple
  4027 | Temple   | Became a worshipper of Kikubaaqudgha
  4064 | D:4      | Killed a nameless horror
  4201 | D:4      | Noticed Natasha
  4210 | D:4      | Killed Natasha
  4224 | D:4      | Killed Sigmund
  4225 | D:4      | Reached XP level 7. HP: 32/32 MP: 6/14
  4230 | D:4      | Learned a level 4 spell: Summon Lightning Spire
  4339 | D:4      | Found Wuutemed's Magic Scroll Emporium.
  4347 | D:4      | Reached skill level 1 in Air Magic
  4404 | D:4      | Bought a scroll of identify for 22 gold pieces
  4404 | D:4      | Bought a scroll of revelation for 82 gold pieces
  4589 | D:4      | Noticed Pikel
  4610 | D:4      | Killed Pikel
  4611 | D:4      | Reached skill level 5 in Fire Magic
  4611 | D:4      | Reached XP level 8. HP: 19/36 MP: 1/15
  4736 | D:4      | Noticed Natasha
  4778 | D:4      | Killed Natasha
  4936 | D:4      | Noticed Grinder
  4967 | D:4      | Paralysed by Grinder for 5 turns
  4973 | D:4      | Killed Grinder
  4974 | D:4      | Reached skill level 5 in Air Magic
  5000 | D:4      | Noticed Natasha
  5004 | D:4      | Killed Natasha
  5319 | D:4      | Found an ornate altar of the Wu Jian Council.
  5319 | D:4      | Found a shimmering altar of Xom.
  5340 | D:5      | Entered Level 5 of the Dungeon
  5350 | D:5      | Noticed Ijyb
  5445 | D:5      | Killed Ijyb
  5446 | D:5      | Reached skill level 1 in Necromancy
  5805 | D:5      | Noticed Duvessa
  5811 | D:5      | Noticed Dowan
  5819 | D:5      | Killed Duvessa
  5828 | D:5      | Killed Dowan
  6008 | D:5      | Reached skill level 5 in Spellcasting
  6192 | D:5      | Noticed Edmund
  6202 | D:5      | Killed Edmund
  6203 | D:5      | Reached XP level 9. HP: 39/39 MP: 1/17
  6442 | D:5      | Found a basalt altar of Yredelemnul.
  6755 | D:6      | Reached * piety under Kikubaaqudgha
  6755 | D:6      | Received a gift from Kikubaaqudgha
  6768 | D:6      | Learned a level 4 spell: Animate Dead
  7880 | D:7      | Noticed Prince Ribbit
  8103 | D:7      | Reached skill level 5 in Necromancy
  8166 | D:7      | Noticed Maurice
  8181 | D:7      | Maurice stole a ring of resist corrosion
  8206 | D:7      | Killed Maurice
  8373 | D:7      | Noticed Menkaure
  8378 | D:7      | Killed Menkaure
  8378 | D:7      | Reached ** piety under Kikubaaqudgha
  8410 | D:7      | Reached XP level 10. HP: 39/44 MP: 10/21
  8526 | D:7      | Noticed Jeremiah
  8552 | D:7      | Killed Jeremiah
  8853 | D:7      | Killed Prince Ribbit
  9368 | D:8      | Found Loypt's Antique Armour Shop.
  9656 | D:8      | Found a hazy altar of Hepliaklqana.
  9768 | D:8      | Found Vipasch's Antique Weapon Shoppe.
  9856 | D:8      | Found Kausoxt's Antique Armour Emporium.
  9964 | D:8      | Noticed Grum
  9971 | D:8      | Killed Grum
 10162 | D:8      | Found a glowing golden altar of the Shining One.
 10899 | D:9      | Noticed a death yak
 10905 | D:9      | Noticed a death yak
 10913 | D:9      | Noticed a death yak
 10918 | D:9      | Noticed a death yak
 10919 | D:9      | Noticed a death yak
 10928 | D:9      | Killed a death yak
 10929 | D:9      | Reached skill level 10 in Summonings
 10929 | D:9      | Reached XP level 11. HP: 47/47 MP: 8/24
 10929 | D:9      | Killed a death yak
 10930 | D:9      | Noticed a death yak
 10933 | D:9      | Noticed a death yak
 10943 | D:9      | Killed a death yak
 10943 | D:9      | Reached *** piety under Kikubaaqudgha
 10943 | D:9      | Received a gift from Kikubaaqudgha
 10952 | D:9      | Killed a death yak
 10974 | D:9      | Killed a death yak
 10985 | D:9      | Killed a death yak
 10990 | D:9      | Killed a death yak
 11087 | D:9      | Found a staircase to the Lair.
 11097 | Lair:1   | Entered Level 1 of the Lair of Beasts
 11251 | Lair:1   | Reached skill level 10 in Spellcasting
 11724 | Lair:1   | Reached skill level 10 in Necromancy
 11725 | Lair:1   | Gained mutation: Your thick and shaggy fur keeps you warm.
                  | (AC +3, rC+) [Felid growth]
 11725 | Lair:1   | Reached XP level 12. HP: 11/51 MP: 18/27
 12029 | Lair:1   | Found a snail-covered altar of Cheibriados.
 12448 | Lair:2   | Found a runed translucent gate.
 12449 | Lair:2   | Found a runed translucent gate.
 12466 | Lair:2   | Reached **** piety under Kikubaaqudgha
 12485 | Lair:2   | Found a runed translucent gate.
 12499 | Lair:2   | Noticed an anaconda
 12500 | Lair:2   | HP: 2/51 [wyvern (4)]
 12501 | Lair:2   | Mangled by a wyvern
 12501 | Lair:2   | Lost a life (1 life remaining)
 12528 | Lair:2   | Killed an anaconda
 12675 | Lair:2   | Noticed Gatak's ghost (journeyman GrEE)
 13145 | Lair:2   | Noticed a death yak
 13168 | Lair:2   | Killed a death yak
 13220 | Lair:2   | Noticed a death yak
 13221 | Lair:2   | Noticed a death yak
 13237 | Lair:2   | Noticed a death yak
 13237 | Lair:2   | Noticed Amaemon
 13240 | Lair:2   | Killed a death yak
 13242 | Lair:2   | Killed a death yak
 13496 | Lair:2   | Killed a death yak
 13589 | Lair:2   | Learned a level 6 spell: Death Channel
 13616 | Lair:2   | Found a hole to the Spider Nest.
 13752 | Lair:2   | Killed Amaemon
 13982 | Lair:2   | Killed from afar by an electric eel
 13982 | Lair:2   | Lost a life (0 lives remaining)
 14121 | Lair:3   | Found a staircase to the Swamp.
 14242 | Lair:3   | Noticed a death yak
 14247 | Lair:3   | Noticed a death yak
 14248 | Lair:3   | Noticed a death yak
 14260 | Lair:3   | Killed a death yak
 14264 | Lair:3   | Killed a death yak
 14264 | Lair:3   | Killed a death yak
 14265 | Lair:3   | Reached XP level 13. HP: 27/55 MP: 9/30
 14265 | Lair:3   | Gained a life (1 life remaining)
 14745 | Lair:3   | Identified a scroll of acquirement
 14745 | Lair:3   | Acquired 370 gold pieces
 14812 | Lair:3   | Reached ***** piety under Kikubaaqudgha
 14833 | Lair:3   | Engulfed by a cloud of flame
 14833 | Lair:3   | Lost a life (0 lives remaining)
 14996 | Lair:3   | Noticed Kirke
 15020 | Lair:3   | Killed Kirke
 15161 | Lair:3   | Noticed Urug
 15169 | Lair:3   | Killed Urug
 15647 | Lair:3   | Identified the ring "Duorak" {Fire rElec Will+++ Str-4
                  | Int-2}
 15684 | Lair:3   | Identified the amulet "Zyifes" {Faith ^Fragile rC+ rN+
                  | rCorr}
 15986 | Lair:4   | Noticed Nessos
 16010 | Lair:4   | Shot with an arrow by Nessos

Illustrated notes

Levels and vault maps discovered:
D:1:      spicycebolla_arrival_risky_transporter, layout_basic, serial_shops,
          nicolae_shop_tiny_real_fake_doors,
          shapermc_ecumenical_altar_mp_urbaneastern
D:2:      minmay_diamond_boxcup, layout_basic
D:3:      layout_basic, cheibrodos_sewer_entry_sluice
D:4:      black_bear_nest_2, layout_basic, gammafunk_temple_overflow_statue,
          minmay_temple_entry_sparse_star, serial_shops, shop, uniq_natasha,
          uniq_pikel, uniq_grinder, uniq_sigmund
D:5:      layout_basic, mainiacjoe_overflow_brackets, serial_curves,
          eino_curves_03, eino_curves_02, chequers_mini_garden, uniq_duvessa,
          uniq_ijyb, uniq_edmund
D:6:      layout_cave_pods
D:7:      layout_cave_pods, serial_library_hellmonk_open_cross,
          uniq_prince_ribbit1, uniq_jeremiah, uniq_maurice, uniq_menkaure
D:8:      layout_basic, tso_oasis_becter, mainiacjoe_overflow_boulevard,
          serial_shops, nicolae_shop_back_alley_shop,
          nicolae_shop_just_a_little_nook, nicolae_stop_n_shop_1, uniq_grum
D:9:      layout_basic, zin_treasury, dpeg_lair_monsters
Temple:   compressed_dpeg_circular_temple
Lair:1:   layout_regular_city, kennysheep_snail_temple
Lair:2:   layout_roguey, spider_nest_entry_web_field, gammafunk_ghost_icy,
          nicolae_lair_lakeside_cave, grunt_megastairs_3, uniq_amaemon
Lair:3:   dreamdust_isle_of_ice, layout_long_grid, skrybe_swamp_entry_bodies,
          grunt_megastairs_2, uniq_urug, uniq_kirke
Lair:4:   layout_misc_corridors, minmay_slime_entry_pillars, st_stairs_7,
          chequers_serial_rivers_micro_b, minmay_lair_oklob_items,
          chequers_serial_rivers_micro_e, uniq_nessos

Skill      XL: |  1  2  3  4  5  6  7  8  9 10 11 12 13 |
---------------+----------------------------------------+-----
Summonings     | 5 6 7 8 10 11 | 11.0
Spellcasting   | 3 4 5 6 8 10 12 14 | 14.0
Unarmed Combat | 1 |  1.0
Fire Magic     | 1 3 5 |  5.0
Air Magic      | 4 5 |  5.0
Necromancy     | 3 5 7 10 12 14 | 14.5
Dodging        | |  2.6
Stealth        | |  2.6

Action                     |  1- 3 |  4- 6 |  7- 9 | 10-12 | 13-15 || total
---------------------------+-------+-------+-------+-------+-------++-------
  Melee: Unarmed           |    33 |    66 |    21 |     7 |     2 ||   129
         Bite              |     8 |     7 |     2 |     1 |       ||    18
         Punch             |     3 |       |     1 |       |       ||     4
   Cast: Summon Small Mamm |    11 |     1 |       |     1 |       ||    13
         Call Imp          |    11 |     7 |     2 |       |       ||    20
         Call Canine Famil |     6 |    26 |    34 |    34 |     3 ||   103
         Summon Blazeheart |       |     2 |    16 |    44 |    15 ||    77
         Summon Lightning  |       |       |    24 |    33 |    15 ||    72
         Animate Dead      |       |       |     6 |    18 |     6 ||    30
         Death Channel     |       |       |       |     3 |     7 ||    10
    Use: Potion            |       |     1 |       |     4 |     1 ||     6
         Scroll            |       |       |     8 |     3 |     3 ||    14
   Stab: Sleeping          |     3 |     2 |       |       |       ||     5
         Distracted        |       |       |     1 |       |       ||     1
 Armour: Skin              |    12 |    28 |    19 |    50 |    18 ||   127
  Dodge: Dodged            |    24 |   121 |    69 |   151 |    63 ||   428
